[Event "Late-Titled-Tuesday-Blitz-May-28-2024"]
[Site "Chess.com"]
[Date "2024.05.28"]
[Round "2"]
[White "kinga2008"]
[Black "Jarming"]
[Result "1-0"]
[WhiteElo "2414"]
[BlackElo "2640"]
[TimeControl "180+1"]
[EndTime "14:19:50 PDT"]
[Termination "kinga2008 won by checkmate"]

1. e4 c6 2. d4 d5 3. e5 Bf5 4.
Be2 e6 5. g4 Bg6 6. h4 h6 7.
Nf3 c5 8. h5 Bh7 9. Bd3 Bxd3 10. Qxd3 cxd4 11. Nxd4 Nc6 12. Nxc6 bxc6 13. c4 Bb4+ 14.
Bd2 Qb6 15. cxd5 cxd5 16. Qb3 Rb8 17. Qa4+ Qb5 18. Qxa7 Bc5 19. Qc7 Qxb2 20. Qc6+ Kd8 21. Qxc5 Qxe5+ 22. Kf1 Nf6 23. Ba5+ Kd7 24. Qa7+ Ke8 25.
Nc3 Rc8 26. Re1 Qf4 27. Qb7 Qc4+ 28. Re2 Nxg4 29. Bb4 Qc7 30. Qxc7 Rxc7 31. Nxd5 Rb7 32. Bc3 Kd7 33. Ne3 Nf6 34. f3 Rc8 35. Rd2+ Ke8 36.
Bxf6 gxf6 37. Kf2 f5 38. Rg1 Ke7 39. Rgd1 Kf6 40. f4 Rb4 41. Kf3 Ra8 42. Rc2 Raa4 43. Ng2 Ra3+ 44. Kf2 Rh3 45. Ra1 Rxh5 46. a4 Rb8 47. a5 Ra8 48. a6 Rh3 49. Rb2 Rc3 50. Ne3 Rc6 51. a7 Rc7 52. Rba2 h5 53. Ra4 h4 54.
Nc4 Rb7 55. Nd6 Rd7 56. Nb5 Rb7 57. Nd4 h3 58. Kg3 Rd7 59. Kxh3 Rc7 60. Kg3 Rc3+ 61. Kf2 Rd3 62. Nb5 Rb3 63. Nc7 Rb2+ 64. Ke3 Rh8 65.
a8=Q Rh3+ 66. Qf3 Rf2 67. Kxf2 Rh2+ 68. Kg3 Rb2 69. Ra6 Rc2 70. Nd5+ Kg6 71. Rxe6+ fxe6 72. Ra6 Rc5 73. Rxe6+ Kf7 74. Re7+ Kf8 75. Qh5 Rxd5 76.
Qf7# 1-0

[Event "Late-Titled-Tuesday-Blitz-May-28-2024"]
[Site "Chess.com"]
[Date "2024.05.28"]
[Round "2"]
[White "nabukatnezarr"]
[Black "topce"]
[Result "1-0"]
[WhiteElo "2658"]
[BlackElo "2398"]
[TimeControl "180+1"]
[EndTime "14:19:53 PDT"]
[Termination "nabukatnezarr won by resignation"]

1. b3 a5 2. Bb2 a4 3. Nf3 axb3 4. axb3 Rxa1 5. Bxa1 Nf6 6. Bxf6 exf6 7. g3 d5 8. Bg2 c6 9. O-O Bd6 10. d4 O-O 11. e3 Re8 12. Nbd2 Nd7 13. c4 Bb4 14. Qc2 Nf8 15. Ra1 Be6 16. c5 g6 17.
Ra4 Ba5 18. Qa2 Bc7 19. b4 Bd7 20. Nb3 f5 21. Ra7 Bc8 22. Ra8 Ne6 23. Na5 Qd7 24.
Qb2 f6 25. Bf1 Bxa5 26. bxa5 Nc7 27. Rb8 g5 28. Qd2 Ne6 29. Bd3 Qc7 30. Ra8 Ng7 31.
Qc2 Bd7 32. Rxe8+ Bxe8 33. Bxf5 h5 34. Bg6 Bd7 35. Qc3 Bg4 36. Nd2 Qd8 37. Bd3 h4 38.
Qb4 Bc8 39. Qb6 Qd7 40. a6 bxa6 41. Bxa6 Bxa6 42. Qxa6 h3 43. Qd3 Qa7 44. Qg6 Qa1+ 45. Nf1 Qd1 46. Qxf6 g4 47. Qf4 Kh7 48. e4 Qxd4 49.
exd5 Qxc5 50. Qxg4 Qxd5 51. Qxh3+ Kg8 52. Qc8+ Kf7 53.
Ne3 Qf3 54. Qd7+ Kf6 55. Qd4+ Kf7 56. Ng4 c5 57. Ne5+ Ke6 58. Nxf3 cxd4 59. Nxd4+ Kd5 60.
Nf3 Nf5 61. Kg2 Ke4 62. Ng5+ Ke5 63. h4 Kf6 64. Nf3 Nd6 65. Nh2 Nc4 66. Ng4+ Kf5 67. Ne3+ Nxe3+ 68. fxe3 Ke4 69. h5 Kf5 70. Kh3 Kg5 71.
g4 Kh6 72. Kh4 Kg7 73. g5 Kf7 74. Kg4 Ke6 75. e4 Ke5 76. g6 Kxe4 77. g7 Ke3 78.
g8=Q Kf2 79. Kh3 Kf3 80. h6 Kf4 81. h7 Ke5 82. h8=Q+ Kd6 83. Qhh7 Ke5 84. Qhf7 Kd4 85. Qc7 Ke4 86. Qd7 Ke5 87. Qf8 Ke4 88. Qde7+ Kd5 89. Qfd8+ Kc4 90. Qec7+ Kb3 91. Qdb8+ 1-0

[Event "Late-Titled-Tuesday-Blitz-May-28-2024"]
[Site "Chess.com"]
[Date "2024.05.28"]
[Round "2"]
[White "Itay121"]
[Black "AradNazari"]
[Result "0-1"]
[WhiteElo "2540"]
[BlackElo "2788"]
[TimeControl "180+1"]
[EndTime "14:20:02 PDT"]
[Termination "AradNazari won by resignation"]

1. e4 c5 2. Nf3 d6 3. b3 Nf6 4. Nc3 Nc6 5. Bb2 g6 6. Bb5 Bd7 7. O-O Bg7 8. Bxc6 Bxc6 9. e5 dxe5 10. Nxe5 Qc7 11. Nxc6 Qxc6 12. Re1 e6 13. Ne4 Nxe4 14. Bxg7 Rg8 15. Bb2 O-O-O 16. d3 Nd6 17. Qf3 Qxf3 18.
gxf3 Nf5 19. Bf6 Rd5 20. Re4 Nd6 21. Re5 Rxe5 22. Bxe5 Nf5 23. Bg3 b6 24. Kg2 h5 25.
Be5 Rd8 26. Re1 Rd5 27. Bf6 Kb7 28. f4 Kc6 29. Kf3 a6 30. Re4 b5 31. a4 Rd7 32.
h3 Nd6 33. axb5+ axb5 34. Re1 Ra7 35. Ra1 Rxa1 36. Bxa1 c4 37. bxc4 bxc4 38. Be5 cxd3 39. Bxd6 Kxd6 40. cxd3 Kd5 41. Ke3 h4 42. Ke2 Kd4 43.
Kd2 f6 44. Ke2 g5 45. fxg5 fxg5 46. f3 Kd5 47. Kd2 Kd6 48. Ke2 Kd5 49. Kd2 Kd4 50.
Ke2 Kc3 51. Ke3 Kc2 52. Ke4 Kd2 53. d4 Ke2 54. Ke5 Kxf3 55. Kxe6 g4 56. d5 gxh3 57.
d6 h2 58. d7 h1=Q 59. d8=Q Qh3+ 60. Ke5 Qg3+ 61. Kf5 Qf4+ 62. Kg6 h3 63. Qd1+ Kg2 64. Qe2+ Qf2 65. Qe4+ Qf3 66. Qc2+ Kg1 67. Qc1+ Kh2 68. Kh6 Kg3 69. Qg5+ Kf2 70. Qd2+ Qe2 71. Qg5 Qe3 72. Kh5 Qxg5+ 73. Kxg5 h2 74. Kg4 h1=Q 75. Kf4 Qf3+ 76. Kg5 Qe3+ 77. Kh5 Kf3 78. Kg6 Qc5 79. Kh6 Kf4 80.
Kg6 Qe5 0-1

[Event "Late-Titled-Tuesday-Blitz-May-28-2024"]
[Site "Chess.com"]
[Date "2024.05.28"]
[Round "2"]
[White "penguingm1"]
[Black "lucasran"]
[Result "1-0"]
[WhiteElo "2957"]
[BlackElo "2578"]
[TimeControl "180+1"]
[EndTime "14:20:04 PDT"]
[Termination "penguingm1 won by checkmate"]

1. d4 Nf6 2. Nf3 e6 3. Bf4 c5 4.
e3 b6 5. Nbd2 Bb7 6. a4 a6 7. c3 Be7 8. h3 O-O 9. Bd3 cxd4 10.
exd4 d6 11. O-O Nbd7 12. Qe2 Re8 13. Rfe1 Ra7 14. Nc4 Qb8 15. Bg3 Bc6 16. Ne3 Qa8 17.
Nd2 Rb8 18. Ndc4 Ne8 19. f3 b5 20. axb5 axb5 21. Rxa7 Qxa7 22. Nd2 b4 23. Bf2 d5 24. c4 dxc4 25. Ndxc4 Qa8 26. Bg3 Rd8 27. Rd1 Nef6 28. Bb1 Nd5 29. Ng4 Ne5 30. Ngxe5 Be8 31. Ne3 Bb5 32. Qc2 g6 33. Nxd5 Rxd5 34. Qc7 Qe8 35.
Be4 Rd8 36. Ng4 h5 37. Ne5 Rc8 38. Qb7 Rb8 39. Qa7 Rc8 40. Bf4 Ba4 41. Rc1 Rd8 42.
Nc6 Bxc6 43. Bxc6 Qf8 44. Be3 Bf6 45. Be4 Qg7 46. Rd1 g5 47. Qc5 g4 48. Qxh5 gxf3 49. Qxf3 Bxd4 50. Bxd4 Rxd4 51. Rf1 Rd2 52. b3 Qd4+ 53.
Kh2 Qe5+ 54. Qg3+ Qxg3+ 55. Kxg3 f5 56. Bf3 Rd3 57. Rb1 e5 58. Kf2 e4 59. Be2 Rc3 60.
g3 Kf7 61. Rb2 Kf6 62. h4 Ke5 63. Bc4 f4 64. gxf4+ Kxf4 65. Kg1 Kg3 66. h5 Rc1+ 67. Bf1 e3 68. h6 Rc7 69. Rg2+ Kh4 70. Rh2+ Kg5 71. h7 e2 72. Bxe2 Rg7 73. h8=Q Kf5+ 74.
Qxg7 Kf4 75. Rh4+ Ke3 76. Qd4+ Kxe2 77. Re4+ Kf3 78. Qe3# 1-0

[Event "Late-Titled-Tuesday-Blitz-May-28-2024"]
[Site "Chess.com"]
[Date "2024.05.28"]
[Round "2"]
[White "aa175"]
[Black "komogro"]
[Result "0-1"]
[WhiteElo "2801"]
[BlackElo "2560"]
[TimeControl "180+1"]
[EndTime "14:20:07 PDT"]
[Termination "komogro won by resignation"]

1. d4 Nf6 2. Bf4 e6 3. e3 c5 4. Nf3 Qb6 5. Nc3 Nc6 6. Nb5 Nd5 7. Bd6 Nxd4 8. Bxf8 Nxf3+ 9. Qxf3 Kxf8 10. O-O-O a6 11. Na3 Qa5 12. e4 Nb4 13. c3 Nc6 14. Kb1 b5 15. e5 Qc7 16. Rd6 Rb8 17. Qf4 Ne7 18.
Bd3 Rb6 19. Rd1 Nd5 20. Qh4 f6 21. Be4 Bb7 22. Qg3 Rxd6 23. exd6 Qc8 24. c4 Nb4 25. Bxb7 Qxb7 26. f3 Kf7 27. Qf2 Rc8 28. Qh4 Kg8 29. Qh5 Nc6 30. cxb5 axb5 31. Rc1 Qb8 32. Qxc5 Na7 33. Qb4 Rxc1+ 34. Kxc1 Nc6 35. Qc5 b4 36. Nb5 Qa8 37. a3 bxa3 38. bxa3 Qa5 39. Kd1 h5 40. h4 Ne5 41. Qc8+ Kh7 42. Qe8 Qxb5 43. Qxh5+ Kg8 44. Qe8+ Kh7 45. Qh5+ Kg8 46. Ke1 Qb1+ 47. Ke2 Qc2+ 48. Ke3 Qc1+ 49. Kf2 Qb2+ 50. Kg3 Nf7 51. Qc5 Qe5+ 52.
Qxe5 Nxe5 53. a4 Nc6 54. Kg4 Kf7 55. Kh5 e5 56. g4 Na5 57. g5 f5 58. g6+ Kf6 59.
f4 Ke6 60. Kg5 e4 61. h5 e3 62. h6 gxh6+ 63. Kxh6 e2 64. g7 e1=Q 65. g8=Q+ Kxd6 66. Qb8+ Ke7 67. Kg7 Qc3+ 68. Kg6 Nc6 69. Qa8 Qf6+ 70. Kh7 Qh4+ 71. Kg6 Qxf4 72. a5 Qg4+ 73. Kh7 Qh5+ 74. Kg7 Qg5+ 75. Kh7 Ne5 76. Qg8 Qxg8+ 77. Kxg8 f4 78.
a6 Nc6 0-1

[Event "Late-Titled-Tuesday-Blitz-May-28-2024"]
[Site "Chess.com"]
[Date "2024.05.28"]
[Round "2"]
[White "mostafa_sakha"]
[Black "GP9isback23"]
[Result "0-1"]
[WhiteElo "2344"]
[BlackElo "2675"]
[TimeControl "180+1"]
[EndTime "14:20:08 PDT"]
[Termination "GP9isback23 won on time"]

1. d4 Nf6 2. c4 e6 3. Nc3 Bb4 4.
e3 O-O 5. Bd3 d5 6. Nf3 c5 7. O-O cxd4 8. exd4 Nc6 9. a3 Be7 10.
Re1 a6 11. c5 b6 12. b4 Bb7 13. h3 bxc5 14. bxc5 a5 15. Qa4 Qc8 16. Bf4 Nd7 17. Nb5 Ba6 18. Rad1 h6 19. Nc7 Bxd3 20. Nxa8 Be4 21. Nb6 Qb7 22. Nxd7 Qxd7 23. Nd2 Bd3 24.
Nf1 Ba6 25. Be3 Bf6 26. Rb1 Rc8 27. Rb6 Bc4 28. Rd1 Qc7 29. Nd2 Be2 30. Re1 Bd3 31.
Qb3 Bg6 32. Qc3 e5 33. dxe5 Bxe5 34. Qb3 d4 35. Rb7 Qd8 36. Bxh6 gxh6 37. Nf3 Bf6 38.
Qb6 Qf8 39. Rc7 Rxc7 40. Qxc7 Qxc5 41. Re8+ Kg7 42. Qc8 Bh7 43. Re1 Qd6 44. Qg4+ Bg6 45. Nh4 Qd5 46. f4 Bxh4 47. Qxh4 d3 48. Qf2 Nd4 49.
Rd1 Ne2+ 50. Kh2 Qe4 51. Rd2 Qxf4+ 52. Qxf4 Nxf4 53. g3 Nd5 54. Kg2 Nc3 55. Kf1 Nb1 56. Rb2 d2 57. Ke2 Nc3+ 58. Kxd2 Ne4+ 59. Ke3 Nxg3 60.
Rb5 a4 61. Ra5 Bc2 62. Rc5 Bb3 63. Kf4 Ne2+ 64. Ke3 Ng3 65. Kf4 Ne2+ 66. Ke3 Ng1 67. Rh5 Be6 68. Kf2 Nxh3+ 69. Kg3 Ng5 70. Rh4 Bb3 71. Kf4 Kg6 72. Rh1 f6 73. Rc1 h5 74.
Rc8 h4 75. Rg8+ Bxg8 0-1

[Event "Late-Titled-Tuesday-Blitz-May-28-2024"]
[Site "Chess.com"]
[Date "2024.05.28"]
[Round "2"]
[White "kaanadayhamle"]
[Black "dawid498"]
[Result "0-1"]
[WhiteElo "2404"]
[BlackElo "2670"]
[TimeControl "180+1"]
[EndTime "14:20:09 PDT"]
[Termination "dawid498 won by checkmate"]

1. d4 Nf6 2. Nf3 g6 3. Nc3 d5 4. g3 Bg7 5. Bg2 O-O 6. O-O Ne4 7. e3 c5 8. Ne2 Nc6 9. c3 b6 10. Nd2 Nf6 11. Nf4 Bb7 12. dxc5 bxc5 13. Nb3 Ne5 14. Nxc5 Bc6 15. Re1 Qd6 16. Nb3 a5 17.
Nd4 Bb7 18. Nd3 Ned7 19. Nb5 Qb6 20. a4 Ba6 21. Nf4 e6 22. Na3 Nc5 23. Rb1 Qb3 24.
Qxb3 Nxb3 25. Bf1 Ne4 26. Bxa6 Rxa6 27. Nd3 Rb8 28. Nb5 Nd6 29. Nxd6 Rxd6 30. f3 Kf8 31.
Kf2 Rc6 32. Ke2 Rc4 33. Bd2 Rxa4 34. Nc1 Rc4 35. Nxb3 Rxb3 36. Kd1 Bxc3 37. Kc2 Bxd2+ 38. Kxb3 Bxe1 39. Rxe1 a4+ 40. Ka2 Ke7 41. Rd1 Kd6 42. Rd3 Kc5 43. Kb1 Kb4 44. Rd2 h5 45. h4 Kb3 46. Rd3+ Kb4 47. Rd2 f6 48. Rd3 Kb5 49. Rd2 Kc5 50. Rd1 e5 51. Rd2 d4 52. exd4+ exd4 53. Re2 Kd5 54. Re8 Rc6 55. Rd8+ Kc4 56. Kc1 Kd3+ 57. Kd1 Ke3 58. f4 d3 59. Re8+ Kf3 60.
Kd2 Kxg3 61. Rg8 f5 62. Kxd3 Rb6 63. Ra8 Rxb2 64. Rxa4 Rb6 65. Ke3 Kxh4 66. Ra1 Rb3+ 67. Kf2 Kg4 68. Rg1+ Kxf4 69. Rxg6 Rb2+ 70. Kg1 h4 71.
Kh1 Kf3 72. Rg5 f4 73. Rg1 h3 74. Rf1+ Rf2 75. Ra1 Kg3 76. Rg1+ Rg2 77. Ra1 Rh2+ 78. Kg1 Re2 79. Ra8 Re1# 0-1

[Event "Late-Titled-Tuesday-Blitz-May-28-2024"]
[Site "Chess.com"]
[Date "2024.05.28"]
[Round "2"]
[White "Sanyura"]
[Black "AryanTari"]
[Result "1-0"]
[WhiteElo "2622"]
[BlackElo "3015"]
[TimeControl "180+1"]
[EndTime "14:20:11 PDT"]
[Termination "Sanyura won on time"]

1. e4 e5 2. Bc4 Nf6 3. Nc3 Bc5 4. d3 c6 5. Nf3 d6 6. O-O O-O 7. Ne2 a5 8. a4 Re8 9. Ng3 h6 10. Kh1 d5 11. Bb3 Bd6 12. Nh4 Bg4 13. f3 Be6 14.
Nhf5 Bf8 15. f4 Nbd7 16. Nxh6+ gxh6 17. f5 Bg7 18. fxe6 fxe6 19. Nh5 Qe7 20. Be3 Kh7 21.
Qf3 Rg8 22. Qh3 Nxh5 23. Qxh5 Raf8 24. c3 Rxf1+ 25. Rxf1 Rf8 26. Rxf8 Qxf8 27. Kg1 Qe7 28. Bc2 d4 29. Bf2 dxc3 30. bxc3 Qa3 31. h3 Qxc3 32. Bd1 Nf6 33. Qf3 b5 34. Bh4 Nd7 35. Qg4 Qc1 36.
Kh2 Qf4+ 37. Bg3 Qxg4 38. Bxg4 Nc5 39. Bf2 Nxd3 40. Be3 bxa4 41. Bxe6 a3 42. Bc4 Nb4 43. Bc1 a2 44. Bb2 a4 45. Kg3 a3 46. Bc3 c5 47. Kf3 Kg6 48. g4 Bf6 49. Kg3 Kg7 50. h4 Kf8 51. g5 hxg5 52. hxg5 Bg7 53. Kf3 Ke7 54. Ke2 Kd6 55. Kd2 Bf8 56. Ke3 Be7 57.
g6 Bg5+ 58. Kf3 Bh6 59. Kg4 Nc2 60. Bxa2 Ne3+ 61. Kh5 Bg7 62. Kg5 Nd1 63. Ba1 Ne3 64. Bc3 Nc2 65. Kf5 Nd4+ 66. Kg5 Ne2 67. Ba1 Nc1 68. Bc4 Ke7 69. Kf5 Kd6 70. Kg5 a2 71.
Kf5 Ke7 72. Bb2 Nd3 73. Bxd3 Kd6 74. Bc4 Bh8 75. Bxa2 Bg7 76. Bc4 Bh8 77. Kg5 Bg7 78. Bc3 Bh8 79. Kh6 Bg7+ 80. Kxg7 1-0

[Event "Late-Titled-Tuesday-Blitz-May-28-2024"]
[Site "Chess.com"]
[Date "2024.05.28"]
[Round "2"]
[White "tusplingher"]
[Black "H3nriqueTV"]
[Result "1/2-1/2"]
[WhiteElo "2560"]
[BlackElo "2364"]
[TimeControl "180+1"]
[EndTime "14:20:14 PDT"]
[Termination "Game drawn - insufficient material"]

1. c4 Nf6 2. g3 c5 3. Bg2 Nc6 4.
Nc3 g6 5. Nf3 Bg7 6. d4 O-O 7. d5 Nb8 8. O-O d6 9. h3 Bd7 10. e4 a6 11. a4 e5 12. dxe6 Bxe6 13. Qd3 Nc6 14. Bf4 Nb4 15. Qxd6 Bxc4 16. Rfd1 Nd3 17.
Bf1 Nxb2 18. Qxc5 Nxd1 19. Rxd1 Qc8 20. Qxc4 Qxc4 21. Bxc4 Rac8 22. Rd4 Nxe4 23. Rxe4 Bxc3 24. Ng5 h6 25. Nf3 Kg7 26. Kg2 f5 27. Re7+ Kf6 28.
Re6+ Kf7 29. Rc6+ Kg7 30. Rxc8 Rxc8 31. Bd5 b5 32. Bb7 Rd8 33. axb5 axb5 34. Ba6 b4 35. Bc4 Bf6 36. Bd2 Bc3 37. Be3 Rc8 38. Bb3 Bf6 39. Bd2 Bc3 40. Bxc3+ Rxc3 41. Bd5 b3 42.
Nd2 b2 43. Ba2 Rc2 44. Nb1 Kf6 45. Kf3 Ke5 46. Ke3 g5 47. f4+ Kd6 48. fxg5 hxg5 49. h4 gxh4 50. gxh4 Rh2 51. Kf4 Rxh4+ 52. Kxf5 Ra4 53.
Bb3 Ra1 54. Bc2 Kd5 55. Kf4 Kd4 56. Kf3 Ra7 57. Ke2 Rg7 58. Kf3 Re7 59. Bg6 Re1 60.
Bc2 Rc1 61. Bg6 Kc4 62. Ke2 Kb3 63. Nd2+ Ka3 64. Bb1 Rh1 65. Kd3 Rh3+ 66. Kc2 Rh2 67. Kc3 Rh3+ 68. Kc2 Rh1 69. Nc4+ Kb4 70. Nxb2 Rh2+ 71.
Kc1 Kc3 72. Nd1+ Kb3 73. Bd3 Rh1 74. Bb1 Rh6 75. Bc2+ Kc4 76. Kd2 Kd4 77. Kc1 Rh2 78. Kb2 Rd2 79. Nc3 Rh2 80. Nb5+ Kc4 81. Nd6+ Kb4 82.
Ne4 Rh8 83. Nf6 Rb8 84. Kc1 Kc4 85. Ne4 Kd4 86. Kd2 Rb2 87. Nf2 Rxc2+ 88. Kxc2 1/2-1/2

[Event "Late-Titled-Tuesday-Blitz-May-28-2024"]
[Site "Chess.com"]
[Date "2024.05.28"]
[Round "2"]
[White "NajdorfPlayerc5"]
[Black "OIAM03"]
[Result "1/2-1/2"]
[WhiteElo "2445"]
[BlackElo "2040"]
[TimeControl "180+1"]
[EndTime "14:20:18 PDT"]
[Termination "Game drawn - insufficient material"]

1. d4 Nf6 2. Bf4 g6 3. e3 Bg7 4. Nc3 O-O 5. h4 h5 6. Nf3 d6 7. Be2 c5 8. Qd2 Nc6 9. O-O-O a6 10. dxc5 dxc5 11. Qxd8 Rxd8 12. Rxd8+ Nxd8 13. Rd1 Ne6 14. Bg3 b5 15. Nd5 Nxd5 16. Rxd5 c4 17. c3 Bf6 18. Bf1 Bb7 19. Rd7 Bc6 20. Rd1 Nc5 21. Ne5 Be4 22.
Nd7 Nxd7 23. Rxd7 Bf5 24. Rd1 a5 25. Rd5 b4 26. Bxc4 bxc3 27. bxc3 Rc8 28. Bb3 Rxc3+ 29.
Kd2 a4 30. Bxa4 Ra3 31. Bb3 Kg7 32. Rb5 Bd7 33. Rb7 Bc6 34. Rb6 Bxg2 35. Ke2 Be4 36. Rb4 Bb1 37. Ra4 Rxa4 38. Bxa4 Bxa2 39. f3 Bc4+ 40.
Kf2 Bc3 41. Bd1 Kf6 42. Bc2 e6 43. Bd1 Be5 44. Bxe5+ Kxe5 45. Kg3 Bd3 46. Ba4 f6 47. Be8 Kd5 48. Ba4 Kc4 49. e4 Kd4 50. Be8 f5 51.
Bxg6 fxe4 52. fxe4 Bxe4 53. Bxh5 Bf5 54. Bd1 Ke3 55.
h5 Bh7 56. h6 e5 57. Kh4 Kf4 58. Kh5 Bf5 59. Be2 Bh7 60. Kh4 Bf5 61. Bd1 Bh7 62. Kh3 Bf5+ 63. Kg2 Bh7 64. Kf2 Kg5 65. Be2 Kxh6 66.
Ke3 Kg5 67. Bf3 Bf5 68. Bg2 Bg6 69. Bf1 Bf5 70. Ba6 Bg6 71. Bc8 Bf5 72. Bb7 Be6 73. Bc6 Kf6 74. Be4 Kg5 75. Bf3 Kf6 76. Bg2 Kg5 77. Bb7 Kf6 78. Ke4 Kg5 79. Kxe5 1/2-1/2

[Event "Late-Titled-Tuesday-Blitz-May-28-2024"]
[Site "Chess.com"]
[Date "2024.05.28"]
[Round "2"]
[White "Smoking_Crow"]
[Black "Vladimir_Zakhartsov"]
[Result "0-1"]
[WhiteElo "2556"]
[BlackElo "2865"]
[TimeControl "180+1"]
[EndTime "14:20:23 PDT"]
[Termination "Vladimir_Zakhartsov won by checkmate"]

1. e4 c5 2. Nf3 d6 3. Bb5+ Nd7 4. d4 Nf6 5. O-O Nxe4 6. Re1 Nf6 7.
dxc5 dxc5 8. Bg5 a6 9. Bc4 e6 10. a4 Be7 11. Qe2 h6 12. Bh4 O-O 13. Nc3 Nb6 14. Ba2 Nfd5 15. Nxd5 Nxd5 16. Bg3 Nb4 17. Bb3 Bd7 18. Rad1 Qc8 19. Ne5 Bc6 20. Nxf7 Rxf7 21. Bxe6 Qe8 22. c3 Bxa4 23. Ra1 Nc2 24. Bxf7+ Qxf7 25. Rxa4 Nxe1 26. Qxe1 Bf8 27. Re4 Rd8 28. h4 Qb3 29.
Qe3 Qxb2 30. Kh2 Qd2 31. Qf3 Qd5 32. c4 Qf7 33. Rf4 Qd7 34. Rf5 b5 35. Re5 Bd6 36. Rd5 Bxg3+ 37. fxg3 Qe7 38. cxb5 axb5 39. Rxd8+ Qxd8 40.
Qb3+ c4 41. Qxb5 Qc8 42. Qd5+ Kh8 43. Qd2 c3 44. Qc2 Qc7 45. h5 Qc5 46. Qg6 Qc8 47. Qc2 Kg8 48. Kh1 Qc6 49. Kh2 Kf8 50. g4 Ke8 51.
Kg3 Kd8 52. Kf2 Qf6+ 53. Ke3 Qg5+ 54. Kf3 Qe5 55. Qd3+ Kc7 56. Qc4+ Kd6 57. Qb4+ Qc5 58. Qb8+ Kd5 59. Qg8+ Kd4 60. Qxg7+ Kd3 61. Qg6+ Kd2 62.
Qxh6+ Ke1 63. Qe6+ Kd1 64. Qe2+ Kc1 65. h6 Qf8+ 66.
Kg3 Qxh6 67. Qe1+ Kb2 68. Qe2+ c2 69. Qb5+ Kc3 70. Qc5+ Kd2 71. g5 Qe6 72. Qd4+ Ke2 73. Qf2+ Kd1 74. Qf3+ Kd2 75. Qf2+ Qe2 76. Qd4+ Qd3+ 77.
Qxd3+ Kxd3 78. g6 c1=Q 79. g7 Qg5+ 80. Kf3 Qxg7 81. g3 Kd4 82. Kf4 Qf6+ 83. Kg4 Ke4 84. Kh5 Qg7 85. g4 Kf4 86. g5 Qxg5# 0-1

[Event "Late-Titled-Tuesday-Blitz-May-28-2024"]
[Site "Chess.com"]
[Date "2024.05.28"]
[Round "2"]
[White "crazy_but_lazy"]
[Black "JonasGallasch"]
[Result "1/2-1/2"]
[WhiteElo "2681"]
[BlackElo "2419"]
[TimeControl "180+1"]
[EndTime "14:21:19 PDT"]
[Termination "Game drawn by repetition"]

1. d4 Nf6 2. Nf3 e6 3. Bf4 c5 4.
e3 Nc6 5. Nbd2 h6 6. h3 b6 7. c3 Bb7 8. Bd3 Be7 9. O-O O-O 10. Re1 d5 11. Ne5 Nxe5 12. dxe5 Nd7 13.
Qg4 Kh8 14. Nf3 f5 15. exf6 Nxf6 16. Qxe6 Bc8 17. Qc6 Bd7 18. Qc7 Qe8 19. Ne5 Bd8 20. Ng6+ Qxg6 21. Bxg6 Bxc7 22. Bxc7 Bc6 23. Rad1 Nd7 24.
Bg3 Rf6 25. Bh5 b5 26. Bf3 Nb6 27. b3 Rc8 28. Rd2 a5 29. Red1 a4 30. Be5 Rf7 31.
Bd6 Ba8 32. Bf4 Ra7 33. e4 axb3 34. axb3 dxe4 35. Rd8+ Kh7 36. Be2 Bc6 37. Bg4 Rxd8 38. Rxd8 Bd7 39. Be2 Ra3 40. Be5 Rxb3 41. Bc7 Rb2 42.
Bh5 Nd5 43. Rxd7 Rb1+ 44. Kh2 Nf6 45. Re7 Nxh5 46. Be5 Kg6 47. g4 Nf6 48. Rc7 c4 49. Rc6 Rb3 50. Bd4 Kf7 51. Rc7+ Kg6 52. Kg2 b4 53. cxb4 Rxb4 54. Bc3 Rb3 55. Rxc4 Nd5 56.
Bd4 Nf4+ 57. Kg1 Nxh3+ 58. Kh2 Ng5 59. Rc6+ Kh7 60. Be3 Nf3+ 61. Kg3 Ne5 62. Re6 Nc4 63. Rxe4 Nxe3 64. fxe3 Rb5 65. Kf4 Kg6 66. Ra4 Rc5 67.
Ra6+ Kf7 68. e4 Rg5 69. e5 Kf8 70. Ra7 Ke8 71. Rb7 Kf8 72. Rb4 Ke8 73. Kf3 Ke7 74.
Kf4 Ke6 75. Rb6+ Ke7 76. Rb7+ Ke6 77. Rc7 Rxe5 78. Rc6+ Kd7 79. Ra6 Rg5 80. Ra7+ Ke8 81. Rb7 Kf8 82. Ra7 Kg8 83. Ra8+ Kh7 84. Ra7 Rg6 85.
Ra5 Rf6+ 86. Kg3 Kg6 87. Kh4 Rc6 88. Kg3 Rc3+ 89. Kf4 Rc4+ 90. Kg3 Rc6 91. Rb5 Re6 92. Ra5 Kf6 93. Rb5 Re5 94. Rb6+ Kg5 95. Rb3 g6 96.
Rc3 Ra5 97. Rb3 h5 98. gxh5 Kxh5 99. Rc3 Re5 100. Rb3 Re1 101. Rb4 Rg1+ 102. Kh2 Rg4 103. Rb5+ Kh4 104. Rb3 Rc4 105. Ra3 Rc2+ 106. Kg1 g5 107. Rb3 g4 108. Ra3 Rb2 109. Rc3 g3 110. Rc8 Rb1+ 111. Kg2 Rb2+ 112. Kg1 Kh3 113. Rh8+ Kg4 114. Rg8+ Kf3 115. Rf8+ Kg4 116. Rg8+ Kf3 117. Rf8+ Kg4 118. Rg8+ 1/2-1/2

[Event "Late-Titled-Tuesday-Blitz-May-28-2024"]
[Site "Chess.com"]
[Date "2024.05.28"]
[Round "3"]
[White "FlemingA"]
[Black "nabukatnezarr"]
[Result "0-1"]
[WhiteElo "2475"]
[BlackElo "2662"]
[TimeControl "180+1"]
[EndTime "14:23:51 PDT"]
[Termination "nabukatnezarr won by resignation"]

1. f4 e5 2. fxe5 d6 3. Nf3 Nc6 4. e4 Nxe5 5. d4 Nxf3+ 6. Qxf3 Nf6 7. Nc3 Be7 8. Bg5 O-O 9. O-O-O Bg4 10. Qf4 Bxd1 11. Kxd1 Nh5 12. Bxe7 Nxf4 13. Bxd8 Raxd8 14. g3 Ng6 15. Bc4 c6 16. Rf1 b5 17. Bb3 a5 18. a4 b4 19. Ne2 Rde8 20. d5 c5 0-1

[Event "Late-Titled-Tuesday-Blitz-May-28-2024"]
[Site "Chess.com"]
[Date "2024.05.28"]
[Round "3"]
[White "Lion_DL"]
[Black "MatthewG-p4p"]
[Result "0-1"]
[WhiteElo "2515"]
[BlackElo "2843"]
[TimeControl "180+1"]
[EndTime "14:24:06 PDT"]
[Termination "MatthewG-p4p won by resignation"]

1. d4 Nf6 2. c4 c5 3. d5 e6 4. Nc3 exd5 5. cxd5 d6 6. Nf3 g6 7. Bf4 Bg7 8. Qa4+ Bd7 9. Qb3 b5 10.
Nxb5 Bxb5 11. Qxb5+ Nbd7 12. e3 Rb8 13. Qd3 Rxb2 14. Be2 Qa5+ 15. Kf1 O-O 16. Bxd6 Re8 17. g3 Ne4 18. Kg2 Nxd6 19. Rab1 c4 20. Qd1 c3 0-1

[Event "Late-Titled-Tuesday-Blitz-May-28-2024"]
[Site "Chess.com"]
[Date "2024.05.28"]
[Round "3"]
[White "remyrushbrooke"]
[Black "ChessSwole"]
[Result "0-1"]
[WhiteElo "2273"]
[BlackElo "2683"]
[TimeControl "180+1"]
[EndTime "14:24:34 PDT"]
[Termination "ChessSwole won by resignation"]

1. d4 d5 2. Nc3 Nf6 3. Bg5 h6 4.
Bxf6 exf6 5. e3 c6 6. Bd3 Bd6 7. Qf3 g6 8. h4 h5 9. e4 O-O 10. exd5 Re8+ 11. Be4 f5 12. Nge2 fxe4 13. Nxe4 Bf5 14.
N2g3 Bxg3 0-1

[Event "Late-Titled-Tuesday-Blitz-May-28-2024"]
[Site "Chess.com"]
[Date "2024.05.28"]
[Round "3"]
[White "yaguigor"]
[Black "Arteler"]
[Result "1-0"]
[WhiteElo "2583"]
[BlackElo "2258"]
[TimeControl "180+1"]
[EndTime "14:24:41 PDT"]
[Termination "yaguigor won by resignation"]

1. e4 e6 2. d4 d5 3. Nc3 Nf6 4.
e5 Nfd7 5. f4 c5 6. Nf3 Qb6 7.
a3 Nc6 8. Be3 Qxb2 9. Na4 Qxa1 10. Qxa1 cxd4 11. Nxd4 Nxd4 12. Bxd4 b5 13. Bxb5 a6 14.
Bc6 Rb8 15. Nb6 Bc5 16. Bxc5 1-0

[Event "Late-Titled-Tuesday-Blitz-May-28-2024"]
[Site "Chess.com"]
[Date "2024.05.28"]
[Round "3"]
[White "ReadySkate"]
[Black "LiemLe"]
[Result "1-0"]
[WhiteElo "2730"]
[BlackElo "3028"]
[TimeControl "180+1"]
[EndTime "14:24:46 PDT"]
[Termination "ReadySkate won by resignation"]

1. d4 Nf6 2. c4 g6 3. Nc3 Bg7 4. e4 d6 5. Be2 O-O 6. Bg5 c5 7. d5 h6 8. Bf4 e6 9. Qd2 exd5 10.
exd5 Kh7 11. h3 Na6 12. Nf3 Nh5 13. Bh2 f5 14. O-O Nc7 15. Rfe1 Qf6 16. Bd3 Bd7 17. Re2 Rae8 18. Rae1 Qf7 19. Bxd6 Rxe2 20. Rxe2 Rc8 21.
Re7 1-0

[Event "Late-Titled-Tuesday-Blitz-May-28-2024"]
[Site "Chess.com"]
[Date "2024.05.28"]
[Round "3"]
[White "luksona14"]
[Black "JanMur7"]
[Result "0-1"]
[WhiteElo "2685"]
[BlackElo "2292"]
[TimeControl "180+1"]
[EndTime "14:24:46 PDT"]
[Termination "JanMur7 won by resignation"]

1. e4 g6 2. d4 Bg7 3. Nc3 c5 4.
d5 d6 5. Be2 Nf6 6. Nf3 O-O 7.
Nd2 a6 8. a4 e6 9. O-O exd5 10.
exd5 Bf5 11. Nc4 h6 12. Bf4 Ne8 13. Bd3 Bxd3 14. Qxd3 g5 15. Bg3 f5 16. f3 f4 17.
Bf2 Nd7 18. Ne4 Ne5 19. Nxe5 Bxe5 20. c3 Nf6 21. Rae1 Nxe4 22. Qxe4 Qf6 23. Bxc5 Bxc3 24.
bxc3 dxc5 25. c4 Rae8 26. Qxe8 Rxe8 27. Rxe8+ Kf7 28. Rfe1 Qd4+ 29. Kh1 Qxc4 30. d6 Qxa4 31. h3 Qxe8 0-1

[Event "Late-Titled-Tuesday-Blitz-May-28-2024"]
[Site "Chess.com"]
[Date "2024.05.28"]
[Round "3"]
[White "jcmesafischer"]
[Black "whiteglovethief"]
[Result "1-0"]
[WhiteElo "2356"]
[BlackElo "2532"]
[TimeControl "180+1"]
[EndTime "14:24:50 PDT"]
[Termination "jcmesafischer won by resignation"]

1. e4 e6 2. Qe2 d5 3. exd5 Nf6 4.
Nc3 Bd6 5. dxe6 Bxe6 6. Qb5+ Nc6 7. Qxb7 Nb4 8. Qb5+ c6 9. Qa4 O-O 10. a3 Re8 11. Be2 Nbd5 12. Nxd5 Bxd5 13. Kf1 Bc5 14. d3 Qb6 15. Nh3 Rxe2 16. Kxe2 Bxg2 17. Rg1 Bxh3 18. Qh4 Re8+ 19. Kd1 Bxf2 20. Rxg7+ Kxg7 21. Bh6+ Kg8 22. Qg5+ 1-0

[Event "Late-Titled-Tuesday-Blitz-May-28-2024"]
[Site "Chess.com"]
[Date "2024.05.28"]
[Round "3"]
[White "Quattroporte300"]
[Black "mindprogress732"]
[Result "1-0"]
[WhiteElo "2398"]
[BlackElo "2140"]
[TimeControl "180+1"]
[EndTime "14:24:55 PDT"]
[Termination "Quattroporte300 won by resignation"]

1. e4 e6 2. b3 e5 3. Bb2 Nc6 4. Nf3 d6 5. d4 Bg4 6. d5 Nce7 7.
h3 Bh5 8. Nc3 Qd7 9. Qd2 Bxf3 10.
gxf3 Ng6 11. O-O-O Nf6 12. h4 Nh5 13. Bh3 Qe7 14. Bf5 Ngf4 15. Ne2 g6 16. Bg4 Nxe2+ 17. Qxe2 Nf4 18. Qb5+ Kd8 19. Qxb7 1-0